[Event "Titled Tuesday Blitz May 16 Late 2023"]
[White "Lima, Kleyton Alcantara"]
[Black "Sanchez, Robert"]
[WhiteFideId "22718397"]
[BlackFideId "2034360"]
[WhiteElo "2009"]
[BlackElo "1864"]
[Result "1-0"]
[Round "02"]
[TimeControl "180+2"]
[Date "2023.05.16"]
[WhiteClock "0:01:29"]
[BlackClock "0:01:11"]

1. e4 e6 2. d4 d5 3. Nc3 Nf6 4. e5 Ne4 5. Nxe4 dxe4 6. Bc4 a6 7. Ne2 b5 8. Bb3 c5 9. dxc5 Qxd1+ 10. Kxd1 Bxc5 11. Ke1 Nc6 12. Bf4 h6 13. h4 Bb7 14. c3 O-O-O 15. Ng3 Ne7 16. Bc2 Ng6 17. Ne2 Nxf4 18. Nxf4 g5 19. Ne2 e3 20. f3 Rhg8 21. h5 Rd2 22. Rc1 g4 23. f4 Bxg2 24. Rh2 Bf3 25. Bh7 Rgd8 26. Kf1 1-0


[Site "https://www.chess.com"]

[Event "Titled Tuesday Blitz May 16 Late 2023"]
[White "Naroditsky, Daniel"]
[Black "Klukin, Kirill"]
[WhiteFideId "2026961"]
[BlackFideId "24199273"]
[WhiteElo "2633"]
[BlackElo "2344"]
[Result "0-1"]
[Round "03"]
[TimeControl "180+2"]
[Date "2023.05.16"]
[WhiteClock "0:01:27"]
[BlackClock "0:00:56"]

1. d4 Nf6 2. Nc3 d5 3. Bf4 a6 4. e3 c5 5. dxc5 e6 6. Nf3 Bxc5 7. Bd3 b5 8. O-O Bb7 9. Qe2 O-O 10. a3 Nbd7 11. e4 dxe4 12. Nxe4 Nxe4 13. Bxe4 Bxe4 14. Qxe4 Nf6 15. Qe2 Nd5 16. Bg3 Qf6 17. Ne5 Rfd8 18. Rad1 Bd6 19. Qe4 Bxe5 20. Bxe5 Qg6 21. Qe2 Rac8 22. c3 Rc4 23. h3 Re4 24. Qf3 Rxe5 25. Rd4 h5 26. b3 Rf5 27. Qd3 Rc8 28. c4 Nf4 29. Qf3 e5 30. Rd7 e4 31. Qxe4 Nxh3+ 32. Kh2 Nxf2 33. Qb7 Ng4+ 34. Kh3 Rxf1 35. Qxc8+ Kh7 36. Rd8 Nf2+ 0-1


[Site "https://www.chess.com"]

[Event "Titled Tuesday Blitz May 16 Late 2023"]
[White "Bartel, Mateusz"]
[Black "Caruana, Fabiano"]
[WhiteFideId "1112635"]
[BlackFideId "2020009"]
[WhiteElo "2521"]
[BlackElo "2837"]
[Result "0-1"]
[Round "03"]
[TimeControl "180+2"]
[Date "2023.05.16"]
[WhiteClock "0:00:00"]
[BlackClock "0:00:52"]

1. e4 e5 2. Nf3 Nc6 3. Bb5 a6 4. Ba4 Nf6 5. Nc3 b5 6. Bb3 Bc5 7. Nd5 d6 8. c3 h6 9. d3 Rb8 10. h3 Nxd5 11. Bxd5 Ne7 12. Bb3 Bb6 13. Nh4 g5 14. Qh5 gxh4 15. Bxf7+ Kd7 16. d4 exd4 17. e5 Kc6 18. Qf3+ d5 19. Bf4 Kb7 20. e6 Nc6 21. Rd1 Qf6 22. Qxd5 Qxf4 23. O-O Rd8 24. Qh5 Rd6 25. Rde1 Ne7 26. cxd4 Bxd4 27. Re2 Kb6 28. b4 Bb7 29. Rc1 Rd5 0-1


[Site "https://www.chess.com"]

[Event "Titled Tuesday Blitz May 16 Late 2023"]
[White "Weetik, Vjacheslav"]
[Black "Deac, Bogdan-Daniel"]
[WhiteFideId "4153472"]
[BlackFideId "1226380"]
[WhiteElo "2469"]
[BlackElo "2649"]
[Result "0-1"]
[Round "03"]
[TimeControl "180+2"]
[Date "2023.05.16"]
[WhiteClock "0:00:04"]
[BlackClock "0:00:04"]

1. d4 Nf6 2. Bf4 d6 3. Nf3 Nbd7 4. c4 Nh5 5. Bc1 e5 6. Nc3 g6 7. Bg5 f6 8. Bh4 g5 9. Bg3 f5 10. e3 f4 11. Nxe5 Ndf6 12. exf4 gxf4 13. Bh4 dxe5 14. dxe5 Qxd1+ 15. Rxd1 Ng4 16. Nd5 Kf7 17. Be2 Ng7 18. Nxc7 Rb8 19. O-O Nxe5 20. Rd5 Ng6 21. Bg5 h6 22. Bd8 Be7 23. Rfd1 Bf5 24. Bxe7 Nxe7 25. R5d4 Ng6 26. Nd5 Rbd8 27. Nxf4 Nxf4 28. Rxd8 Nxe2+ 29. Kf1 Rxd8 30. Rxd8 Nf4 31. b3 Bd3+ 32. Kg1 Be4 33. Rd7+ Kf6 34. Rd4 Ne2+ 0-1


[Site "https://www.chess.com"]

[Event "Titled Tuesday Blitz May 16 Late 2023"]
[White "Bitoon, Richard"]
[Black "Andreikin, Dmitry"]
[WhiteFideId "5201110"]
[BlackFideId "4158814"]
[WhiteElo "2374"]
[BlackElo "2736"]
[Result "0-1"]
[Round "03"]
[TimeControl "180+2"]
[Date "2023.05.16"]
[WhiteClock "0:00:24"]
[BlackClock "0:02:02"]

1. e4 c5 2. c3 d5 3. exd5 Qxd5 4. d4 Nf6 5. Nf3 e6 6. Na3 a6 7. Nc2 Be7 8. Ne3 Qc6 9. Ne5 Qc7 10. Be2 O-O 11. O-O Rd8 12. Bf3 Nbd7 13. Nxd7 Bxd7 14. Qb3 cxd4 15. cxd4 Bc6 16. Bxc6 Qxc6 17. Rd1 Rd7 18. Nc4 Rd5 19. Ne5 Qb5 20. Qxb5 Rxb5 21. b3 Nd5 22. Be3 a5 23. Rac1 f6 24. Nd3 a4 25. bxa4 Rxa4 26. Rc2 Kf7 27. Kf1 Rba5 28. Rb1 b5 29. Nc5 Rxa2 30. Rxa2 Rxa2 31. Rxb5 Ra1+ 0-1


[Site "https://www.chess.com"]

[Event "Titled Tuesday Blitz May 16 Late 2023"]
[White "Bluebaum, Matthias"]
[Black "Timmermans, Mark"]
[WhiteFideId "24651516"]
[BlackFideId "1026399"]
[WhiteElo "2639"]
[BlackElo "2460"]
[Result "1-0"]
[Round "03"]
[TimeControl "180+2"]
[Date "2023.05.16"]
[WhiteClock "0:01:23"]
[BlackClock "0:00:45"]

1. d4 Nf6 2. c4 c5 3. d5 b5 4. cxb5 a6 5. bxa6 g6 6. Nc3 Bxa6 7. e4 Bxf1 8. Kxf1 d6 9. g3 Bg7 10. Kg2 O-O 11. Nf3 Nfd7 12. Qe2 Nb6 13. h4 h6 14. h5 g5 15. Nxg5 hxg5 16. Bxg5 Qd7 17. h6 Bd4 18. h7+ Kh8 19. Bh6 Rc8 20. Qh5 e6 21. Rh4 Na6 22. Rah1 exd5 23. exd5 Ra7 24. Rxd4 f5 25. Rf4 Nb4 26. Rxf5 Qe8 27. Qg5 Qe7 28. Qg6 Nd3 29. Bg5 1-0


[Site "https://www.chess.com"]

[Event "Titled Tuesday Blitz May 16 Late 2023"]
[White "Wu, Derek"]
[Black "Bortnyk, Olexandr"]
[WhiteFideId "30914558"]
[BlackFideId "14120828"]
[WhiteElo "2174"]
[BlackElo "2734"]
[Result "0-1"]
[Round "03"]
[TimeControl "180+2"]
[Date "2023.05.16"]
[WhiteClock "0:00:18"]
[BlackClock "0:00:34"]

1. d4 d6 2. Nc3 Nf6 3. e4 Nbd7 4. Nf3 e5 5. Bc4 Be7 6. O-O c6 7. a4 O-O 8. Re1 Qc7 9. h3 h6 10. Be3 Re8 11. Qb1 Nf8 12. Qa2 Bd8 13. Rad1 Ng6 14. b4 a6 15. a5 Be6 16. dxe5 dxe5 17. Nd2 Qc8 18. Na4 Kh7 19. Nc5 Bxh3 20. Bxf7 Qg4 21. g3 Nh5 22. Bxe8 Nxg3 23. Bxg6+ Kh8 24. Kh2 Nf1+ 0-1


[Site "https://www.chess.com"]

[Event "Titled Tuesday Blitz May 16 Late 2023"]
[White "Makarian, Rudik"]
[Black "Goltsev, Dmitry"]
[WhiteFideId "44105681"]
[BlackFideId "24176710"]
[WhiteElo "2461"]
[BlackElo "2356"]
[Result "1-0"]
[Round "03"]
[TimeControl "180+2"]
[Date "2023.05.16"]
[WhiteClock "0:00:03"]
[BlackClock "0:00:02"]

1. d4 Nf6 2. c4 e6 3. Nf3 b6 4. g3 Ba6 5. b3 Bb4+ 6. Bd2 Be7 7. Bg2 d5 8. O-O O-O 9. Nc3 c6 10. Bf4 Nbd7 11. Qc2 dxc4 12. bxc4 Bxc4 13. Nd2 Ba6 14. Bxc6 Rc8 15. Qa4 Bb7 16. Bxb7 Rxc3 17. Rac1 Ra3 18. Qc2 Nd5 19. Nc4 Rc3 20. Qd2 Bb4 21. Rxc3 Bxc3 22. Qd3 Nxf4 23. gxf4 Qc7 24. Be4 Qxf4 25. Bxh7+ Kh8 26. Qh3 Qh6 27. Qxc3 Qxh7 28. Qf3 Nf6 29. Ne5 Qe4 30. Qxe4 Nxe4 31. Rc1 Kh7 32. Rc7 f6 33. Nc6 Nc3 34. e3 a5 35. Nxa5 Nxa2 36. Nc6 Nc3 37. Re7 Ra8 38. Rxe6 Ra2 39. Re7 Nd1 40. d5 Nxf2 41. d6 Nh3+ 42. Kf1 Rxh2 43. d7 Rd2 44. Nd4 Nf2 45. d8=Q Nd3 46. Kg1 Rf2 47. Ne6 Rf3 48. Rxg7+ Kh6 49. Qh8# 1-0


[Site "https://www.chess.com"]

[Event "Titled Tuesday Blitz May 16 Late 2023"]
[White "Hakobyan, Aram"]
[Black "Bryakin, Mikhail"]
[WhiteFideId "13306677"]
[BlackFideId "4165314"]
[WhiteElo "2584"]
[BlackElo "2467"]
[Result "0-1"]
[Round "03"]
[TimeControl "180+2"]
[Date "2023.05.16"]
[WhiteClock "0:00:08"]
[BlackClock "0:00:08"]

1. d4 Nf6 2. c4 b6 3. Nc3 Bb7 4. Nf3 e6 5. a3 c5 6. d5 exd5 7. cxd5 d6 8. e4 Nbd7 9. Bd3 g6 10. Bf4 a6 11. a4 Qc7 12. O-O Bg7 13. e5 dxe5 14. Nxe5 Nxe5 15. Bxe5 Qd8 16. Bc4 O-O 17. Re1 Ne8 18. Bxg7 Kxg7 19. Ne4 Nd6 20. Qb3 Nxc4 21. Qxc4 Qxd5 22. Qc3+ Qd4 23. Nd6 Qxc3 24. bxc3 Bc6 25. Reb1 b5 26. f3 Rfd8 27. axb5 Rxd6 28. bxc6 Rxc6 29. Ra5 Rd8 30. Rba1 Rdd6 31. R1a4 c4 32. Kf2 h5 33. h4 Rd2+ 34. Kg3 Rd3 35. Ra3 Re6 36. Rxa6 Rxa6 37. Rxa6 Rxc3 38. Rc6 Rc2 39. Kh3 c3 40. Kg3 Rc1 41. Kf4 c2 42. g3 Kf8 43. Rc7 Ke8 44. Rc8+ Kd7 45. Rc3 Ke6 46. Rc5 Kd6 47. Rc8 Kd5 48. Ke3 Re1+ 49. Kd2 Rf1 50. Rc3 c1=Q+ 51. Rxc1 Rxf3 52. Rg1 Ke4 53. Ke2 Ra3 54. Rc1 Rxg3 55. Rc4+ Kf5 56. Rc7 f6 57. Rc6 Rg4 58. Rc5+ Ke6 59. Rc6+ Ke5 60. Rc5+ Kd6 61. Rc8 Rxh4 62. Rg8 Rg4 63. Re8 h4 64. Kf3 f5 65. Kf2 Kd7 66. Re1 Re4 67. Rg1 Rg4 68. Re1 Kd6 69. Re8 Re4 70. Rg8 Re6 71. Rh8 Ke5 72. Rxh4 g5 73. Ra4 Rd6 74. Kf3 Rd3+ 75. Ke2 Rd4 76. Ra3 g4 77. Kf2 Kf4 78. Ra2 Re4 79. Kg2 Kg5 80. Ra5 Re3 81. Kf2 Rb3 82. Rc5 g3+ 83. Kg2 Kg4 84. Rc8 Rb2+ 85. Kf1 f4 86. Rc4 Rf2+ 87. Kg1 Ra2 88. Rc1 f3 89. Kh1 Rh2+ 90. Kg1 f2+ 91. Kf1 Rh1+ 92. Ke2 Rxc1 93. Ke3 f1=Q 94. Ke4 Qe1+ 95. Kd5 Rc2 96. Kd6 Rd2+ 97. Kc7 Qc1+ 98. Kb7 Rb2+ 0-1


[Site "https://www.chess.com"]

[Event "Titled Tuesday Blitz May 16 Late 2023"]
[White "Nazari, Arad"]
[Black "Rustemov, Alexander"]
[WhiteFideId "12577324"]
[BlackFideId "4119002"]
[WhiteElo "2175"]
[BlackElo "2985"]
[Result "0-1"]
[Round "03"]
[TimeControl "180+2"]
[Date "2023.05.16"]
[WhiteClock "0:00:08"]
[BlackClock "0:01:46"]

1. e4 e6 2. d4 d5 3. e5 c5 4. c3 Qb6 5. Nf3 Bd7 6. Be2 cxd4 7. cxd4 Bb5 8. Nc3 Bb4 9. O-O Bxc3 10. Bxb5+ Qxb5 11. a4 Qd7 12. bxc3 Ne7 13. h4 O-O 14. Qd3 h6 15. a5 Nbc6 16. Ba3 Rfc8 17. h5 Qd8 18. Nh2 b6 19. axb6 axb6 20. f4 Ra5 21. Bd6 Rxa1 22. Rxa1 Ra8 23. Rb1 Nf5 24. Bb4 Qh4 25. g4 Nxb4 26. cxb4 Ra2 0-1


[Site "https://www.chess.com"]

[Event "Titled Tuesday Blitz May 16 Late 2023"]
[White "Rastbod, Ali"]
[Black "Svane, Frederik"]
[WhiteFideId "12567477"]
[BlackFideId "12923044"]
[WhiteElo "2274"]
[BlackElo "2502"]
[Result "0-1"]
[Round "03"]
[TimeControl "180+2"]
[Date "2023.05.16"]
[WhiteClock "0:00:00"]
[BlackClock "0:00:06"]

1. d4 Nf6 2. c4 e6 3. g3 d5 4. Bg2 dxc4 5. Nf3 a6 6. O-O Nc6 7. e3 Nd7 8. Qe2 Nb6 9. Nbd2 e5 10. Nxc4 Nxc4 11. Qxc4 Be6 12. Qa4 e4 13. Ne5 Bd5 14. f3 exf3 15. Bxf3 Bxf3 16. Rxf3 Qd5 17. Nxc6 Qxf3 18. Ne5+ b5 19. Qb3 Qf6 20. Bd2 Bd6 21. Rf1 Qe6 22. Nxf7 Qxb3 23. axb3 O-O 24. Nxd6 cxd6 25. Ra1 Kf7 26. e4 Ke6 27. d5+ Kd7 28. Bc3 g6 29. b4 Rfe8 30. Re1 Rac8 31. Kf2 Rc4 32. Kf3 Re7 33. g4 Rf7+ 34. Kg3 Re7 35. Kf4 Re8 36. g5 Rf8+ 37. Kg3 Rf7 38. h4 Re7 39. Kf4 Rf7+ 40. Kg3 Rf8 41. Re2 Ra8 42. Rf2 Rxe4 43. Rf7+ Re7 44. Rf1 Rc8 45. Bf6 Re4 46. Rf3 Rcc4 47. Ra3 Rg4+ 48. Kf2 Rcf4+ 49. Ke2 Re4+ 50. Kf3 Ref4+ 51. Ke2 Rxb4 52. Rxa6 Rbc4 53. Ra7+ Rc7 54. Ra8 Rc2+ 55. Kd3 Rcc4 56. Ra7+ Rc7 57. Ra8 Rc5 58. Ra7+ Kc8 59. Rxh7 Rxd5+ 60. Ke3 Rf5 61. Rh6 b4 62. Rxg6 Rxh4 63. Rg7 Rg4 64. Re7 Rgxg5 65. Bxg5 Rxg5 66. Kd4 Rg4+ 67. Kd5 Kd8 68. Re6 Kc7 69. Re7+ Kb6 70. Re6 Rg2 71. Kc4 Rg4+ 72. Kd5 Kb5 73. Rxd6 Rg2 74. Ke5 Re2+ 75. Kd4 Rd2+ 76. Ke5 Rxd6 77. Kxd6 Kc4 78. Kc6 b3 79. Kb6 Kd3 80. Ka5 Kc2 0-1


[Site "https://www.chess.com"]

[Event "Titled Tuesday Blitz May 16 Late 2023"]
[White "Tsvetkov, Andrey"]
[Black "Ibarra Jerez, Jose Carlos"]
[WhiteFideId "34139360"]
[BlackFideId "2226332"]
[WhiteElo "2296"]
[BlackElo "2638"]
[Result "0-1"]
[Round "03"]
[TimeControl "180+2"]
[Date "2023.05.16"]
[WhiteClock "0:00:13"]
[BlackClock "0:00:34"]

1. d4 Nf6 2. c4 d6 3. Nc3 e5 4. Nf3 e4 5. Nd2 Qe7 6. Qc2 e3 7. fxe3 c5 8. Nf3 Nc6 9. Bd2 g6 10. Nd5 Nxd5 11. cxd5 Nb4 12. Qb3 Bf5 13. Qa4+ Bd7 14. Qb3 Bf5 15. Qa4+ Qd7 16. Qxd7+ Kxd7 17. Kf2 Nxd5 18. dxc5 dxc5 19. e4 Bxe4 20. Ng5 f5 21. Rd1 Kc6 22. Bf4 Nxf4 23. e3 Nd5 24. Bc4 Nb6 25. Nf7 Nxc4 26. Nxh8 Nxb2 27. Rd2 Nc4 28. Ke2 Nxd2 0-1


[Site "https://www.chess.com"]

[Event "Titled Tuesday Blitz May 16 Late 2023"]
[White "Jaracz, Pawel"]
[Black "Tang, Andrew"]
[WhiteFideId "1102222"]
[BlackFideId "2059630"]
[WhiteElo "2438"]
[BlackElo "2596"]
[Result "1-0"]
[Round "03"]
[TimeControl "180+2"]
[Date "2023.05.16"]
[WhiteClock "0:00:06"]
[BlackClock "0:00:06"]

1. e4 e5 2. Nf3 Nc6 3. Bb5 g6 4. c3 a6 5. Ba4 Bg7 6. d4 exd4 7. cxd4 b5 8. Bb3 Na5 9. Bc2 Ne7 10. O-O O-O 11. Nc3 d6 12. h3 c5 13. Bf4 cxd4 14. Nxd4 Nc4 15. b3 Na3 16. Rc1 Bb7 17. Nde2 b4 18. Na4 Nb5 19. Bd3 Re8 20. Qd2 Nc6 21. Rfd1 Ne5 22. f3 Bc8 23. Bc4 Nxc4 24. bxc4 Na3 25. c5 Bd7 26. Nb6 Ra7 27. c6 Qxb6+ 28. Be3 Qc7 29. cxd7 Qxd7 30. Bxa7 Qxa7+ 31. Kh1 a5 32. Qxd6 Qe3 33. Ng3 Be5 34. Qd7 Re6 35. Nf1 Qf4 36. Qd2 Qf6 37. Ne3 Bf4 38. Nd5 Bxd2 39. Nxf6+ Rxf6 40. Rxd2 Ra6 41. Rd8+ Kg7 42. Rd7 a4 43. Rcc7 b3 44. Rxf7+ Kh6 45. h4 g5 46. Rxh7+ Kg6 47. Rhg7+ Kf6 48. hxg5+ Ke5 49. axb3 axb3 50. Rb7 Kf4 51. Kh2 Nc4 52. Rxb3 Nd2 53. Rd3 Ra2 54. Kh3 Nc4 55. Rf7+ Kxg5 56. Rd5+ Kg6 57. Rf4 Ra1 58. Kg3 Ne3 59. Re5 Nf1+ 60. Kg4 Ra2 61. Re6+ Kg7 62. Rff6 Ne3+ 63. Kg5 Rxg2+ 64. Kf4 Re2 65. Rg6+ Kf7 66. Ref6+ Ke7 67. Re6+ Kf7 68. Ref6+ Ke7 69. Ra6 Kf7 70. Rh6 Kg7 71. Rhg6+ Kf7 72. Rgb6 Ng2+ 73. Ke5 Nh4 74. Ra7+ Kg8 75. Rb8# 1-0


[Site "https://www.chess.com"]

[Event "Titled Tuesday Blitz May 16 Late 2023"]
[White "Zakhartsov, Vladimir"]
[Black "Volkov, Maksim"]
[WhiteFideId "4145097"]
[BlackFideId "54123070"]
[WhiteElo "2495"]
[BlackElo "2297"]
[Result "0-1"]
[Round "03"]
[TimeControl "180+2"]
[Date "2023.05.16"]
[WhiteClock "0:00:06"]
[BlackClock "0:00:21"]

1. e4 e6 2. d4 d5 3. Nd2 c5 4. exd5 exd5 5. Bb5+ Bd7 6. Bxd7+ Nxd7 7. dxc5 Nxc5 8. Qe2+ Be7 9. Qb5+ Qd7 10. Qxd7+ Nxd7 11. Ne2 Ngf6 12. Nb3 O-O 13. O-O Rfe8 14. Ned4 Ne4 15. Bf4 Bf6 16. c3 a6 17. Rad1 Nb6 18. Na5 Re7 19. Nf5 Rd7 20. Ne3 Re8 21. Rd3 Nc5 22. Rd2 Ne4 23. Rd3 Bd8 24. Nb3 Na4 25. Rb1 Nf6 26. f3 h6 27. Nd4 Nc5 28. Rdd1 Nh5 29. Bxh6 gxh6 30. Ndf5 Nf6 31. Nxh6+ Kh7 32. Nhf5 Bb6 33. Kf1 Ne6 34. Nc2 Nf4 35. g3 Ne6 36. Nfd4 Nxd4 37. Nxd4 Kg6 38. Rd2 Rde7 39. Rbd1 Nd7 40. Nc2 Ne5 41. f4 Ng4 42. h3 Nf6 43. Rd3 Re2 44. R1d2 R2e7 45. Kg2 Ne4 46. Rd1 Nf2 47. Rxd5 Nxd1 48. Rd6+ Re6 49. Rxd1 Re2+ 50. Kf3 Rxc2 51. Kg4 f5+ 52. Kh4 Rh8# 0-1


[Site "https://www.chess.com"]

[Event "Titled Tuesday Blitz May 16 Late 2023"]
[White "Manelyuk, Daniil"]
[Black "Pichot, Alan"]
[WhiteFideId "44173920"]
[BlackFideId "110973"]
[WhiteElo "2259"]
[BlackElo "2573"]
[Result "0-1"]
[Round "03"]
[TimeControl "180+2"]
[Date "2023.05.16"]
[WhiteClock "0:00:23"]
[BlackClock "0:00:09"]

1. e4 c5 2. Nf3 d6 3. d4 cxd4 4. Nxd4 Nf6 5. Nc3 a6 6. f3 e5 7. Nb3 Be6 8. Be3 h5 9. Qd2 Nbd7 10. Nd5 Bxd5 11. exd5 Qc7 12. Na5 g6 13. Be2 Bg7 14. c4 O-O 15. Rc1 Rfe8 16. b4 b6 17. Nc6 Nh7 18. O-O f5 19. f4 exf4 20. Bxf4 Ne5 21. c5 bxc5 22. bxc5 dxc5 23. Nxe5 Bxe5 24. d6 Qg7 25. d7 Bd4+ 26. Kh1 Qxd7 27. Rxc5 Rxe2 28. Qxe2 Bxc5 29. Qc4+ Qf7 30. Qxc5 Nf6 31. h3 Re8 32. Rd1 Ne4 33. Qb6 Qe6 34. Qa7 Re7 35. Rd8+ Kf7 36. Qb8 Nf6 37. Rd6 Qe1+ 38. Kh2 Ng4+ 39. hxg4 Qh4+ 40. Kg1 Re1# 0-1


[Site "https://www.chess.com"]

[Event "Titled Tuesday Blitz May 16 Late 2023"]
[White "Amburgy, Ryan"]
[Black "Babazada, Khazar"]
[WhiteFideId "30924820"]
[BlackFideId "13413554"]
[WhiteElo "2134"]
[BlackElo "2351"]
[Result "0-1"]
[Round "03"]
[TimeControl "180+2"]
[Date "2023.05.16"]
[WhiteClock "0:01:03"]
[BlackClock "0:01:19"]

1. d4 Nf6 2. c4 g6 3. Nc3 d6 4. e4 Bg7 5. Nf3 O-O 6. Be2 Qe8 7. Be3 Na6 8. h3 e5 9. d5 Nc5 10. Qc2 a5 11. O-O Bd7 12. b3 Nh5 13. Ne1 Nf4 14. Bxc5 dxc5 15. Nd3 b6 16. Bg4 Bxg4 17. hxg4 Qe7 18. g3 Nxd3 19. Qxd3 f5 20. gxf5 gxf5 21. Rad1 f4 22. Qf3 fxg3 23. Qg4 g2 24. Rfe1 Kh8 25. Rd3 Rf4 26. Qe6 Qh4 0-1


[Site "https://www.chess.com"]

[Event "Titled Tuesday Blitz May 16 Late 2023"]
[White "Kamsky, Gata"]
[Black "Marek, Matyas"]
[WhiteFideId "2000024"]
[BlackFideId "335398"]
[WhiteElo "2660"]
[BlackElo "2279"]
[Result "0-1"]
[Round "03"]
[TimeControl "180+2"]
[Date "2023.05.16"]
[WhiteClock "0:00:00"]
[BlackClock "0:00:09"]

1. e4 c5 2. Nf3 d6 3. d4 cxd4 4. Nxd4 Nf6 5. Nc3 Nc6 6. Bg5 e6 7. Qd2 a6 8. O-O-O Bd7 9. f3 b5 10. Nxc6 Bxc6 11. h4 h6 12. Bf4 b4 13. Ne2 e5 14. Be3 Qa5 15. Kb1 d5 16. exd5 Nxd5 17. Nc1 Rd8 18. Qe1 Be7 19. Bc4 O-O 20. Bf2 Rfe8 21. Nb3 Qc7 22. Bg3 Bf6 23. Bd3 Nf4 24. Bxf4 exf4 25. Qxb4 Rb8 26. Qc5 Qb7 27. Qf5 Re5 28. Qh7+ Kf8 29. Rhe1 Qc7 30. c3 a5 31. Rxe5 Qxe5 32. Be4 Ba4 33. Rd5 Qc7 34. Qf5 Bxb3 35. axb3 Rxb3 36. Rc5 Qb6 37. Rc8+ Ke7 38. Qc5+ Qxc5 39. Rxc5 a4 40. Kc2 Bxh4 41. Ra5 Rb6 42. Rxa4 Bf2 43. b4 g5 44. c4 Kf6 45. c5 Rb8 46. c6 Bb6 47. Ra6 Bc7 48. Ra7 Bd6 0-1


[Site "https://www.chess.com"]

[Event "Titled Tuesday Blitz May 16 Late 2023"]
[White "benny_aizenberg"]
[Black "Durarbayli, Vasif"]
[BlackFideId "13402935"]
[WhiteElo "2684"]
[BlackElo "2551"]
[Result "0-1"]
[Round "03"]
[TimeControl "180+2"]
[Date "2023.05.16"]
[WhiteClock "0:00:07"]
[BlackClock "0:00:09"]

1. f4 d5 2. Nf3 Nf6 3. g3 g6 4. Bg2 Bg7 5. O-O O-O 6. d3 Nc6 7. c3 Qd6 8. Nbd2 e5 9. fxe5 Nxe5 10. Nxe5 Qxe5 11. e4 Bg4 12. Qe1 dxe4 13. Nxe4 Nxe4 14. Qxe4 Qxe4 15. Bxe4 c6 16. Bg5 Rfe8 17. Rae1 Be6 18. a3 f5 19. Bg2 h6 20. Bc1 Rad8 21. d4 Bc4 22. Rxe8+ Rxe8 23. Rd1 Bb3 24. Rf1 Bc4 25. Rd1 Kf7 26. Bf1 Bb3 27. Rd3 Re1 28. Bf4 Rb1 29. Rd2 Bc4 30. Rf2 Bxf1 31. Rxf1 Rxb2 32. Bd6 Rc2 33. Bb4 h5 34. Re1 Bf6 35. a4 h4 36. a5 h3 37. Rb1 b5 38. axb6 axb6 39. Ra1 Bg5 40. Re1 Bd2 41. Re2 Rc1+ 42. Kf2 Bxc3 43. Bxc3 Rxc3 44. Rb2 b5 45. d5 cxd5 46. Rxb5 d4 47. Rd5 Rc2+ 48. Kf3 Rxh2 49. g4 Rd2 50. gxf5 h2 51. Rd7+ Kf6 52. Rh7 Kxf5 53. Rf7+ Ke6 54. Rh7 Kf6 55. Kf4 Re2 56. Kf3 d3 57. Rh8 Kg7 58. Rh4 g5 59. Rh5 Kg6 60. Rh8 g4+ 61. Kg3 d2 62. Rd8 h1=Q 63. Rd6+ Kf7 64. Rd7+ Ke8 0-1


[Site "https://www.chess.com"]

[Event "Titled Tuesday Blitz May 16 Late 2023"]
[White "Bortnyk, Mykola"]
[Black "Czopor, Maciej"]
[WhiteFideId "14120836"]
[BlackFideId "21805431"]
[WhiteElo "2582"]
[BlackElo "2324"]
[Result "1-0"]
[Round "03"]
[TimeControl "180+2"]
[Date "2023.05.16"]
[WhiteClock "0:01:02"]
[BlackClock "0:00:00"]

1. Nf3 g6 2. c4 Bg7 3. d4 Nf6 4. g3 O-O 5. Bg2 d6 6. O-O Nc6 7. Nc3 Bg4 8. h3 Bxf3 9. Bxf3 Nd7 10. e3 e5 11. d5 Ne7 12. Bg2 f5 13. Rb1 e4 14. Ne2 Ne5 15. Nf4 Nxc4 16. Ne6 Qd7 17. Nxf8 Rxf8 18. b3 Nb6 19. f3 Nbxd5 20. Bd2 exf3 21. Bxf3 c6 22. Rc1 Qe6 23. Qe2 Be5 24. Kg2 Nf6 25. e4 fxe4 26. Bxe4 Nxe4 27. Qxe4 Nf5 28. Bf4 Re8 29. Rce1 Qd7 30. Qc4+ Kg7 31. Qe2 1-0


[Site "https://www.chess.com"]

[Event "Titled Tuesday Blitz May 16 Late 2023"]
[White "Schekachikhin, Maksim"]
[Black "Donchenko, Alexander"]
[WhiteFideId "24177830"]
[BlackFideId "24603295"]
[WhiteElo "2272"]
[BlackElo "2554"]
[Result "0-1"]
[Round "03"]
[TimeControl "180+2"]
[Date "2023.05.16"]
[WhiteClock "0:00:05"]
[BlackClock "0:00:19"]

1. d4 Nf6 2. c4 e6 3. Nc3 Bb4 4. e3 c5 5. Bd3 Nc6 6. Ne2 d5 7. cxd5 Nxd5 8. O-O cxd4 9. exd4 O-O 10. a3 Be7 11. Bc2 Nf6 12. Qd3 b6 13. Bg5 g6 14. Rad1 Bb7 15. Rfe1 Nd5 16. Bh6 Re8 17. Nf4 Nxc3 18. Qxc3 Bf6 19. Ba4 Rc8 20. Bxc6 Bxc6 21. Qe3 Ba4 22. Rd2 Qd6 23. Ne2 Red8 24. Bf4 Qf8 25. Nc3 Bc6 26. Be5 Qg7 27. h4 Rd7 28. Qf4 Bxe5 29. dxe5 Rxd2 30. Qxd2 Qf8 31. Rd1 Qe7 32. Qf4 Rd8 33. Rd4 h5 34. Qd2 Rxd4 35. Qxd4 Kf8 36. f3 Kg7 37. Kf2 g5 38. hxg5 Qxg5 39. Ne2 h4 40. Qd6 Bb5 41. Nd4 Qg3+ 42. Kg1 h3 43. Nxe6+ Kh7 44. Nf8+ Kg8 45. Qd2 Kxf8 46. Qd8+ Kg7 47. Qf6+ Kg8 0-1


[Site "https://www.chess.com"]

[Event "Titled Tuesday Blitz May 16 Late 2023"]
[White "Xiong, Jeffery"]
[Black "Domingo Nunez, Ruben"]
[WhiteFideId "2047640"]
[BlackFideId "22245570"]
[WhiteElo "2726"]
[BlackElo "2404"]
[Result "1-0"]
[Round "03"]
[TimeControl "180+2"]
[Date "2023.05.16"]
[WhiteClock "0:02:08"]
[BlackClock "0:00:21"]

1. e4 g6 2. d4 Bg7 3. Nf3 c6 4. c4 d5 5. cxd5 cxd5 6. e5 Nc6 7. Bb5 Bg4 8. Bxc6+ bxc6 9. Nbd2 f6 10. h3 Bf5 11. O-O Nh6 12. Re1 O-O 13. Nb3 Nf7 14. e6 Nd6 15. Nc5 g5 16. h4 h6 17. Nh2 Ne4 18. Qf3 Bg6 19. Nd7 Re8 20. hxg5 hxg5 21. Nf1 Qa5 22. Be3 Qb4 23. b3 Qd6 24. Qh3 f5 25. f3 f4 26. fxe4 dxe4 27. Bf2 e3 28. Nxe3 fxe3 29. Qxe3 Bf6 30. Rac1 Rad8 31. Rc5 Kg7 32. Rd1 Bh5 33. Bg3 Bxd1 34. Bxd6 exd6 35. Rxg5+ Bxg5 36. Qxg5+ Kh8 37. Qh6+ Kg8 38. Nf6# 1-0


[Site "https://www.chess.com"]

[Event "Titled Tuesday Blitz May 16 Late 2023"]
[White "Alex_Sahakyan2006"]
[Black "Mekhitarian, Krikor Sevag"]
[BlackFideId "2107660"]
[WhiteElo "2681"]
[BlackElo "2604"]
[Result "0-1"]
[Round "03"]
[TimeControl "180+2"]
[Date "2023.05.16"]
[WhiteClock "0:00:06"]
[BlackClock "0:00:09"]

1. d4 d5 2. Nf3 Nf6 3. Bf4 c5 4. e3 Nc6 5. Nbd2 e6 6. c3 Nh5 7. Bg5 Qb6 8. Qb3 h6 9. Bh4 g5 10. Bg3 Nxg3 11. hxg3 Bg7 12. Qa3 cxd4 13. exd4 Bd7 14. Bd3 O-O-O 15. O-O-O Kb8 16. Nb3 g4 17. Qd6+ Qc7 18. Qxc7+ Kxc7 19. Nfd2 b6 20. Kb1 f5 21. Nc1 h5 22. Ne2 Rh6 23. Nf4 Rdh8 24. Rde1 Kd6 25. Rhf1 Ne7 26. Bc2 h4 27. gxh4 Rxh4 28. g3 Rh2 29. Re2 Rh1 30. Ree1 Rxf1 31. Nxf1 Bh6 32. Nd3 Ng6 33. Ne3 Bg5 34. b3 Rh2 35. c4 Ne7 36. c5+ Kc7 37. Ne5 Rxf2 38. cxb6+ axb6 39. Bd3 Be8 40. Ba6 Bxe3 41. Rxe3 Rd2 42. Rc3+ Kd6 43. Bd3 Nc6 44. Kc1 Rh2 45. Bb5 Nxd4 46. Bxe8 Ne2+ 47. Kd2 Nxc3+ 48. Kxc3 Kxe5 49. a4 Rh3 50. b4 Rxg3+ 51. Kb2 Kd6 52. a5 bxa5 53. bxa5 Kc7 54. a6 Kb6 55. Bb5 Re3 0-1


[Site "https://www.chess.com"]